3631 views
Uploaded 2019-12-01 20:40:16
Game version 1.32.0.3 / 1.32.0.3.1
40:38 long 4on4 ladder game on (8)TwilightRuins_LV
Saved by iggythefisk
3631 views
Uploaded 2019-12-01 20:40:16
Game version 1.32.0.3 / 1.32.0.3.1
40:38 long 4on4 ladder game on (8)TwilightRuins_LV


232 units @ 35.6k
/ 5k
129 buildings @ 13k
/ 6k



| Orb of Fire | 2 | 650 |
| total: | 2 | 650g |
| Peasant | 21 | 1575 | / | 0 |
| Footman | 11 | 1485 | / | 0 |
| Rifleman | 3 | 615 | / | 90 |
| Priest | 7 | 945 | / | 70 |
| Sorceress | 5 | 775 | / | 100 |
| Spell Breaker | 3 | 645 | / | 90 |
| Knight | 3 | 735 | / | 180 |
| total: | 53 | 6775g | / | 530w |
| Scout Tower | 17 | 510 | / | 340 |
| Arcane Tower | 5 | 350 | / | 250 |
| Guard Tower | 2 | 140 | / | 100 |
| Altar of Kings | 1 | 180 | / | 50 |
| Farm | 12 | 960 | / | 240 |
| Barracks | 3 | 480 | / | 180 |
| Blacksmith | 1 | 140 | / | 60 |
| Lumber Mill | 1 | 120 | / | 0 |
| Town Hall | 1 | 385 | / | 205 |
| Arcane Vault | 1 | 130 | / | 30 |
| Arcane Sanctum | 4 | 600 | / | 560 |
| Keep | 1 | 320 | / | 210 |
| Castle | 1 | 360 | / | 210 |
| total: | 41 | 3505g | / | 1665w |
| 0:05 | Peasant |
| 0:05 | Peasant |
| 0:05 | Peasant |
| 0:05 | Peasant |
| 0:05 | Peasant |
| 0:05 | Peasant |
| 0:09 | Peasant |
| 0:28 | Altar of Kings |
| 0:38 | Farm |
| 0:44 | Farm |
| 1:03 | Barracks |
| 1:07 | Barracks |
| 1:55 | Peasant |
| 1:55 | Peasant |
| 1:56 | Peasant |
| 1:56 | Peasant |
| 1:56 | Peasant |
| 1:56 | Peasant |
| 1:56 | Peasant |
| 2:22 | Barracks |
| 2:46 | Blacksmith |
| 2:50 | Footman |
| 2:50 | Footman |
| 2:57 | Footman |
| 3:18 | Farm |
| 3:21 | Farm |
| 3:24 | Farm |
| 3:34 | Farm |
| 3:41 | Summon Water Elemental |
| 4:07 | Footman |
| 4:41 | Footman |
| 4:41 | Footman |
| 4:41 | Footman |
| 4:46 | Footman |
| 4:53 | Iron Forged Swords |
| 4:56 | Iron Plating |
| 5:18 | Black Gunpowder |
| 5:19 | Studded Leather Armor |
| 5:57 | Lumber Mill |
| 5:59 | Keep |
| 6:33 | Blizzard |
| 6:55 | Rifleman |
| 6:59 | Rifleman |
| 7:13 | Farm |
| 7:17 | Farm |
| 7:58 | Summon Water Elemental |
| 8:20 | Town Hall |
| 8:31 | Arcane Sanctum |
| 8:38 | Scout Tower |
| 8:42 | Scout Tower |
| 8:44 | Scout Tower |
| 8:45 | Scout Tower |
| 8:46 | Scout Tower |
| 8:48 | Scout Tower |
| 8:50 | Scout Tower |
| 8:50 | Scout Tower |
| 8:53 | Scout Tower |
| 8:56 | Steel Forged Swords |
| 8:59 | Steel Plating |
| 9:16 | Refined Gunpowder |
| 9:46 | Long Rifles |
| 9:48 | Rifleman |
| 10:04 | Priest |
| 10:35 | Priest |
| 11:35 | Priest Adept Training |
| 11:36 | Sorceress Adept Training |
| 11:36 | Priest |
| 11:36 | Priest |
| 11:37 | Priest |
| 11:38 | Sorceress |
| 11:38 | Sorceress |
| 12:30 | Arcane Tower |
| 12:41 | Arcane Tower |
| 12:54 | Footman |
| 12:54 | Footman |
| 12:54 | Footman |
| 13:01 | Improved Lumber Harvesting |
| 13:38 | Magic Sentry |
| 13:51 | Arcane Vault |
| 14:16 | Brilliance Aura |
| 16:20 | Scout Tower |
| 16:22 | Scout Tower |
| 16:25 | Scout Tower |
| 16:28 | Scout Tower |
| 16:32 | Scout Tower |
| 16:35 | Scout Tower |
| 16:37 | Scout Tower |
| 16:38 | Scout Tower |
| 16:47 | Castle |
| 16:56 | Farm |
| 17:02 | Farm |
| 17:08 | Farm |
| 17:12 | Farm |
| 17:16 | Flame Strike |
| 17:32 | Control Magic |
| 18:08 | Arcane Sanctum |
| 18:11 | Arcane Sanctum |
| 18:19 | Arcane Sanctum |
| 18:29 | Arcane Tower |
| 19:05 | Arcane Tower |
| 19:09 | Arcane Tower |
| 19:31 | Guard Tower |
| 19:32 | Guard Tower |
| 21:28 | Priest Master Training |
| 21:28 | Spell Breaker |
| 21:29 | Spell Breaker |
| 21:29 | Spell Breaker |
| 22:09 | Banish |
| 22:14 | Summon Water Elemental |
| 22:36 | Priest |
| 22:36 | Priest |
| 23:57 | Sundering Blades |
| 23:58 | Animal War Training |
| 23:58 | Knight |
| 23:58 | Knight |
| 24:12 | Peasant |
| 24:12 | Peasant |
| 24:12 | Peasant |
| 24:12 | Peasant |
| 24:12 | Peasant |
| 24:12 | Peasant |
| 24:12 | Peasant |
| 24:15 | Advanced Lumber Harvesting |
| 25:49 | Sorceress |
| 25:49 | Sorceress |
| 25:49 | Sorceress |
| 25:55 | Knight |
| 25:58 | Orb of Fire |
| 28:01 | Orb of Fire |
| 28:09 | Devotion Aura |
| Right click | 612 |
| Select | 485 |
| Build/train/purchase | 103 |
| Select group | 90 |
| Assign group | 13 |
| Use ability | 9 |
| Remove unit | 6 |
| Minimap ping | 1 |



| Peasant | 12 | 900 | / | 0 |
| Footman | 9 | 1215 | / | 0 |
| Rifleman | 7 | 1435 | / | 210 |
| Priest | 8 | 1080 | / | 80 |
| Gryphon Rider | 17 | 4760 | / | 1190 |
| Knight | 3 | 735 | / | 180 |
| total: | 56 | 10125g | / | 1660w |
| Scout Tower | 25 | 750 | / | 500 |
| Guard Tower | 14 | 980 | / | 700 |
| Altar of Kings | 1 | 180 | / | 50 |
| Farm | 13 | 1040 | / | 260 |
| Barracks | 1 | 160 | / | 60 |
| Blacksmith | 1 | 140 | / | 60 |
| Lumber Mill | 1 | 120 | / | 0 |
| Town Hall | 1 | 385 | / | 205 |
| Cannon Tower | 1 | 120 | / | 100 |
| Arcane Sanctum | 1 | 150 | / | 140 |
| Gryphon Aviary | 2 | 280 | / | 300 |
| Workshop | 1 | 140 | / | 140 |
| Keep | 1 | 320 | / | 210 |
| Castle | 1 | 360 | / | 210 |
| total: | 47 | 3345g | / | 1715w |
| 0:05 | Peasant |
| 0:05 | Peasant |
| 0:05 | Peasant |
| 0:11 | Altar of Kings |
| 0:22 | Farm |
| 0:46 | Peasant |
| 1:01 | Barracks |
| 1:14 | Farm |
| 1:55 | Blacksmith |
| 2:09 | Footman |
| 2:18 | Holy Light |
| 2:31 | Footman |
| 2:32 | Footman |
| 2:32 | Footman |
| 3:18 | Rifleman |
| 3:19 | Rifleman |
| 3:19 | Rifleman |
| 3:38 | Keep |
| 3:39 | Footman |
| 3:39 | Footman |
| 4:09 | Farm |
| 4:49 | Rifleman |
| 4:49 | Rifleman |
| 4:51 | Iron Forged Swords |
| 5:07 | Farm |
| 6:08 | Divine Shield |
| 6:14 | Peasant |
| 6:14 | Peasant |
| 6:23 | Lumber Mill |
| 6:33 | Farm |
| 7:22 | Farm |
| 7:32 | Arcane Sanctum |
| 7:36 | Rifleman |
| 7:48 | Iron Plating |
| 7:53 | Summon Water Elemental |
| 8:55 | Priest |
| 9:04 | Town Hall |
| 9:10 | Priest |
| 9:10 | Priest |
| 9:10 | Priest |
| 9:25 | Peasant |
| 9:26 | Peasant |
| 9:42 | Priest Adept Training |
| 9:45 | Scout Tower |
| 9:50 | Improved Lumber Harvesting |
| 10:01 | Farm |
| 10:24 | Gryphon Aviary |
| 10:41 | Farm |
| 10:50 | Peasant |
| 11:12 | Guard Tower |
| 11:36 | Peasant |
| 12:06 | Castle |
| 12:17 | Footman |
| 12:17 | Footman |
| 12:17 | Footman |
| 12:23 | Farm |
| 12:37 | Steel Forged Swords |
| 12:57 | Priest |
| 13:02 | Scout Tower |
| 13:19 | Gryphon Aviary |
| 13:35 | Farm |
| 13:38 | Guard Tower |
| 14:16 | Studded Leather Armor |
| 14:32 | Farm |
| 15:07 | Gryphon Rider |
| 15:15 | Farm |
| 15:21 | Advanced Lumber Harvesting |
| 15:40 | Knight |
| 15:58 | Sundering Blades |
| 15:59 | Animal War Training |
| 16:29 | Gryphon Rider |
| 16:30 | Gryphon Rider |
| 16:34 | Storm Bolt |
| 17:31 | Blizzard |
| 17:45 | Gryphon Rider |
| 17:46 | Rifleman |
| 18:05 | Farm |
| 18:11 | Knight |
| 18:46 | Priest |
| 18:46 | Priest |
| 18:51 | Gryphon Rider |
| 18:52 | Gryphon Rider |
| 18:59 | Storm Hammers |
| 19:15 | Knight |
| 19:28 | Peasant |
| 20:12 | Gryphon Rider |
| 20:22 | Peasant |
| 21:14 | Gryphon Rider |
| 21:41 | Gryphon Rider |
| 21:58 | Scout Tower |
| 23:03 | Scout Tower |
| 23:05 | Guard Tower |
| 23:07 | Gryphon Rider |
| 23:29 | Gryphon Rider |
| 23:43 | Scout Tower |
| 23:45 | Guard Tower |
| 24:44 | Scout Tower |
| 24:46 | Mithril Forged Swords |
| 24:58 | Steel Plating |
| 25:09 | Reinforced Leather Armor |
| 25:13 | Scout Tower |
| 25:14 | Guard Tower |
| 25:15 | Guard Tower |
| 25:45 | Scout Tower |
| 25:46 | Guard Tower |
| 26:19 | Scout Tower |
| 26:20 | Guard Tower |
| 26:48 | Devotion Aura |
| 26:53 | Scout Tower |
| 26:54 | Guard Tower |
| 27:19 | Mithril Plating |
| 27:23 | Scout Tower |
| 27:36 | Guard Tower |
| 27:57 | Scout Tower |
| 28:26 | Guard Tower |
| 28:29 | Scout Tower |
| 28:47 | Black Gunpowder |
| 28:59 | Workshop |
| 29:44 | Thunder Clap |
| 30:29 | Cannon Tower |
| 31:06 | Gryphon Rider |
| 31:06 | Gryphon Rider |
| 31:13 | Priest |
| 32:30 | Gryphon Rider |
| 32:30 | Gryphon Rider |
| 32:31 | Gryphon Rider |
| 32:52 | Scout Tower |
| 32:54 | Scout Tower |
| 32:58 | Scout Tower |
| 33:00 | Scout Tower |
| 33:02 | Scout Tower |
| 33:04 | Scout Tower |
| 33:41 | Guard Tower |
| 33:44 | Scout Tower |
| 34:03 | Gryphon Rider |
| 34:23 | Scout Tower |
| 34:24 | Scout Tower |
| 34:55 | Guard Tower |
| 34:58 | Scout Tower |
| 34:59 | Scout Tower |
| 35:25 | Guard Tower |
| 36:29 | Scout Tower |
| Right click | 814 |
| Select | 643 |
| Select group | 249 |
| Build/train/purchase | 114 |
| Assign group | 29 |
| Use ability | 26 |
| Remove unit | 7 |
| Healing Salve | 2 | 200 |
| total: | 2 | 200g |
| Peon | 15 | 1125 | / | 0 |
| Grunt | 3 | 600 | / | 0 |
| Troll Headhunter | 14 | 1960 | / | 280 |
| Demolisher | 4 | 880 | / | 200 |
| Wind Rider | 5 | 1325 | / | 200 |
| Raider | 16 | 2880 | / | 640 |
| total: | 57 | 8770g | / | 1320w |
| Orc Burrow | 6 | 960 | / | 240 |
| Altar of Storms | 2 | 360 | / | 100 |
| War Mill | 1 | 205 | / | 0 |
| Barracks | 1 | 180 | / | 50 |
| Voodoo Lounge | 1 | 130 | / | 30 |
| Beastiary | 1 | 145 | / | 140 |
| Stronghold | 1 | 315 | / | 190 |
| total: | 12 | 1980g | / | 560w |
| 0:08 | Peon |
| 0:09 | Peon |
| 0:09 | Peon |
| 0:10 | Peon |
| 0:16 | Peon |
| 0:34 | Orc Burrow |
| 0:54 | Altar of Storms |
| 1:06 | War Mill |
| 1:18 | Barracks |
| 2:48 | Grunt |
| 2:49 | Grunt |
| 2:49 | Troll Headhunter |
| 2:49 | Troll Headhunter |
| 5:50 | Grunt |
| 5:50 | Troll Headhunter |
| 6:06 | Orc Burrow |
| 6:52 | Stronghold |
| 7:02 | Steel Melee Weapons |
| 7:03 | Steel Ranged Weapons |
| 8:37 | Troll Headhunter |
| 8:37 | Troll Headhunter |
| 8:37 | Troll Headhunter |
| 8:39 | Troll Headhunter |
| 9:58 | Orc Burrow |
| 10:01 | Orc Burrow |
| 11:57 | Troll Regeneration |
| 11:58 | Troll Headhunter |
| 11:58 | Troll Headhunter |
| 11:58 | Troll Headhunter |
| 11:59 | Troll Headhunter |
| 12:01 | Demolisher |
| 12:33 | Beastiary |
| 13:02 | Demolisher |
| 13:02 | Troll Headhunter |
| 13:08 | Troll Headhunter |
| 13:08 | Troll Headhunter |
| 14:05 | Wind Rider |
| 14:06 | Wind Rider |
| 14:06 | Wind Rider |
| 14:07 | Wind Rider |
| 14:09 | Wind Rider |
| 15:47 | Raider |
| 15:47 | Raider |
| 15:48 | Raider |
| 15:48 | Raider |
| 16:15 | Demolisher |
| 16:16 | Demolisher |
| 16:51 | Voodoo Lounge |
| 17:04 | Orc Burrow |
| 18:03 | Healing Salve |
| 18:04 | Healing Salve |
| 20:17 | Orc Burrow |
| 20:19 | Peon |
| 20:19 | Peon |
| 20:19 | Peon |
| 20:20 | Peon |
| 20:20 | Peon |
| 22:55 | Raider |
| 23:59 | Raider |
| 24:03 | Peon |
| 25:21 | Peon |
| 25:21 | Peon |
| 25:21 | Peon |
| 25:22 | Peon |
| 26:31 | Raider |
| 26:32 | Raider |
| 26:32 | Raider |
| 27:18 | Raider |
| 27:18 | Raider |
| 27:34 | Altar of Storms |
| 30:18 | Raider |
| 30:18 | Raider |
| 30:18 | Raider |
| 30:18 | Raider |
| 30:18 | Raider |
| Right click | 504 |
| Select | 204 |
| Build/train/purchase | 66 |
| Select group | 65 |
| Assign group | 14 |
| Use ability | 10 |
| Misc. action | 6 |
| Esc | 4 |
| Remove unit | 1 |



| Wisp | 12 | 720 | / | 0 |
| Archer | 19 | 2470 | / | 190 |
| Huntress | 9 | 1755 | / | 180 |
| Dryad | 5 | 725 | / | 300 |
| Druid of the Claw | 3 | 765 | / | 240 |
| Druid of the Talon | 1 | 145 | / | 20 |
| Glaive Thrower | 2 | 420 | / | 130 |
| Chimaera | 2 | 660 | / | 140 |
| Hippogryph | 3 | 480 | / | 60 |
| Goblin Shredder | 1 | 375 | / | 100 |
| Footman | 6 | 810 | / | 0 |
| Rifleman | 1 | 205 | / | 30 |
| Priest | 1 | 135 | / | 10 |
| Knight | 1 | 245 | / | 60 |
| total: | 66 | 9910g | / | 1460w |
| Ancient Protector | 11 | 1485 | / | 880 |
| Altar of Elders | 1 | 180 | / | 50 |
| Ancient of War | 1 | 150 | / | 60 |
| Moon Well | 7 | 1260 | / | 280 |
| Hunter's Hall | 1 | 210 | / | 100 |
| Tree of Life | 1 | 340 | / | 185 |
| Ancient of Lore | 1 | 155 | / | 145 |
| Ancient of Wind | 1 | 150 | / | 140 |
| Chimaera Roost | 1 | 140 | / | 190 |
| Tree of Ages | 1 | 320 | / | 180 |
| Tree of Eternity | 1 | 330 | / | 200 |
| Scout Tower | 4 | 120 | / | 80 |
| total: | 29 | 4190g | / | 2110w |
| 0:05 | Altar of Elders |
| 0:10 | Wisp |
| 0:13 | Ancient of War |
| 0:22 | Wisp |
| 0:34 | Moon Well |
| 0:44 | Wisp |
| 1:30 | Archer |
| 1:54 | Archer |
| 2:26 | Evasion |
| 2:41 | Hunter's Hall |
| 3:26 | Moon Well |
| 3:37 | Archer |
| 3:44 | Huntress |
| 4:06 | Wisp |
| 4:06 | Wisp |
| 4:09 | Wisp |
| 4:40 | Mana Burn |
| 4:49 | Archer |
| 4:55 | Moon Well |
| 5:02 | Huntress |
| 5:41 | Strength of the Moon |
| 6:24 | Tree of Ages |
| 6:32 | Huntress |
| 6:58 | Moon Armor |
| 7:02 | Archer |
| 7:06 | Moon Well |
| 7:46 | Ancient Protector |
| 9:16 | Improved Bows |
| 9:41 | Ancient of Lore |
| 9:50 | Force of Nature |
| 11:00 | Dryad |
| 11:20 | Goblin Shredder |
| 12:05 | Thorns Aura |
| 12:37 | Immolation |
| 12:54 | Tree of Life |
| 13:06 | Improved Strength of the Moon |
| 13:07 | Improved Moon Armor |
| 13:11 | Abolish Magic |
| 13:20 | Huntress |
| 13:21 | Archer |
| 13:22 | Archer |
| 13:53 | Moon Well |
| 14:03 | Druid of the Claw |
| 14:11 | Moon Glaive |
| 15:06 | Immolation |
| 15:35 | Ancient of Wind |
| 15:39 | Wisp |
| 15:39 | Wisp |
| 16:12 | Wisp |
| 16:12 | Wisp |
| 16:36 | Strength of the Wild |
| 16:39 | Tree of Eternity |
| 16:41 | Druid of the Talon |
| 16:47 | Druid of the Claw Adept Training |
| 16:50 | Entangling Roots |
| 17:28 | Reinforced Hides |
| 17:36 | Dryad |
| 18:10 | Ancient Protector |
| 18:11 | Ancient Protector |
| 18:46 | Dryad |
| 19:21 | Advanced Strength of the Moon |
| 19:21 | Advanced Moon Armor |
| 19:24 | Marksmanship |
| 19:24 | Archer |
| 19:35 | Chimaera Roost |
| 19:50 | Archer |
| 19:50 | Archer |
| 21:18 | Glaive Thrower |
| 21:19 | Glaive Thrower |
| 22:00 | Chimaera |
| 22:00 | Chimaera |
| 22:52 | Force of Nature |
| 23:39 | Archer |
| 23:39 | Archer |
| 23:39 | Archer |
| 23:39 | Huntress |
| 23:39 | Huntress |
| 23:39 | Huntress |
| 24:06 | Moon Well |
| 24:10 | Druid of the Claw Master Training |
| 24:11 | Dryad |
| 24:11 | Druid of the Claw |
| 24:14 | Hippogryph |
| 24:17 | Improved Strength of the Wild |
| 24:18 | Improved Reinforced Hides |
| 24:19 | Well Spring |
| 24:20 | Ultravision |
| 24:29 | Druid of the Claw |
| 24:29 | Dryad |
| 24:40 | Blink |
| 25:03 | Moon Well |
| 25:17 | Hippogryph |
| 25:17 | Hippogryph |
| 27:29 | Ancient Protector |
| 27:30 | Ancient Protector |
| 27:30 | Ancient Protector |
| 27:32 | Ancient Protector |
| 27:37 | Ancient Protector |
| 27:38 | Ancient Protector |
| 27:39 | Ancient Protector |
| 27:41 | Ancient Protector |
| 27:56 | Wisp |
| 28:47 | Corrosive Breath |
| 28:51 | Wisp |
| 31:07 | Archer |
| 31:07 | Archer |
| 31:08 | Huntress |
| 31:08 | Huntress |
| 33:01 | Archer |
| 33:01 | Archer |
| 33:01 | Archer |
| 33:01 | Archer |
| 33:56 | Footman |
| 33:56 | Footman |
| 33:56 | Rifleman |
| 34:22 | Priest |
| 34:25 | Knight |
| 34:49 | Iron Forged Swords |
| 34:50 | Iron Plating |
| 34:51 | Black Gunpowder |
| 34:51 | Studded Leather Armor |
| 36:07 | Footman |
| 36:07 | Footman |
| 36:52 | Mass Teleport |
| 36:58 | Footman |
| 36:59 | Footman |
| 38:32 | Scout Tower |
| 38:33 | Scout Tower |
| 38:35 | Scout Tower |
| 38:37 | Scout Tower |
| Right click | 703 |
| Select | 456 |
| Misc. action | 167 |
| Select group | 121 |
| Build/train/purchase | 115 |
| Assign group | 22 |
| Use ability | 21 |
| Chat | 15 |
| Resource trade | 7 |
| Remove unit | 5 |
| Esc | 1 |
| Minimap ping | 1 |
167 units @ 22.1k
/ 2.5k
196 buildings @ 14.7k
/ 7.3k



| Staff of Sanctuary | 3 | 750 |
| Orb of Fire | 2 | 650 |
| Scroll of Regeneration | 1 | 100 |
| Scroll of Town Portal | 1 | 350 |
| Boots of Speed | 3 | 750 |
| Staff of Teleportation | 3 | 450 |
| Helm of Valor | 1 | 500 |
| Pendant of Energy | 1 | 300 |
| Medallion of Courage | 1 | 500 |
| total: | 16 | 4350g |
| Peasant | 17 | 1275 | / | 0 |
| Priest | 1 | 135 | / | 10 |
| total: | 18 | 1410g | / | 10w |
| Scout Tower | 26 | 780 | / | 520 |
| Arcane Tower | 3 | 210 | / | 150 |
| Guard Tower | 12 | 840 | / | 600 |
| Altar of Kings | 1 | 180 | / | 50 |
| Farm | 5 | 400 | / | 100 |
| Lumber Mill | 1 | 120 | / | 0 |
| Arcane Vault | 2 | 260 | / | 60 |
| Town Hall | 1 | 385 | / | 205 |
| Arcane Sanctum | 1 | 150 | / | 140 |
| Keep | 1 | 320 | / | 210 |
| Castle | 1 | 360 | / | 210 |
| total: | 37 | 2275g | / | 1075w |
| 0:03 | Peasant |
| 0:03 | Peasant |
| 0:08 | Altar of Kings |
| 0:14 | Farm |
| 0:19 | Peasant |
| 0:26 | Lumber Mill |
| 0:38 | Peasant |
| 0:49 | Scout Tower |
| 0:52 | Peasant |
| 0:59 | Peasant |
| 1:06 | Farm |
| 1:13 | Peasant |
| 1:19 | Arcane Tower |
| 1:25 | Peasant |
| 1:43 | Scout Tower |
| 1:49 | Peasant |
| 1:53 | Scout Tower |
| 1:58 | Scout Tower |
| 2:06 | Peasant |
| 2:14 | Farm |
| 2:15 | Guard Tower |
| 2:19 | Peasant |
| 2:24 | Scout Tower |
| 2:28 | Scout Tower |
| 2:31 | Peasant |
| 2:39 | Storm Bolt |
| 2:49 | Guard Tower |
| 2:59 | Scout Tower |
| 3:01 | Scout Tower |
| 3:22 | Peasant |
| 3:22 | Peasant |
| 3:25 | Guard Tower |
| 3:29 | Scout Tower |
| 3:36 | Guard Tower |
| 3:58 | Guard Tower |
| 4:00 | Scout Tower |
| 4:04 | Bash |
| 4:14 | Keep |
| 4:22 | Scout Tower |
| 4:46 | Improved Masonry |
| 4:53 | Farm |
| 5:24 | Guard Tower |
| 5:25 | Scout Tower |
| 5:40 | Arcane Vault |
| 5:57 | Town Hall |
| 6:01 | Scout Tower |
| 6:03 | Scout Tower |
| 6:08 | Boots of Speed |
| 6:12 | Staff of Teleportation |
| 6:34 | Scout Tower |
| 6:34 | Scout Tower |
| 6:35 | Arcane Tower |
| 6:37 | Guard Tower |
| 6:54 | Peasant |
| 7:42 | Arcane Sanctum |
| 7:55 | Improved Lumber Harvesting |
| 8:00 | Storm Bolt |
| 8:34 | Holy Light |
| 8:36 | Peasant |
| 8:37 | Peasant |
| 9:06 | Advanced Masonry |
| 9:14 | Scout Tower |
| 9:15 | Scout Tower |
| 9:21 | Scout Tower |
| 9:22 | Scout Tower |
| 9:23 | Scout Tower |
| 9:24 | Scout Tower |
| 9:24 | Scout Tower |
| 9:26 | Guard Tower |
| 9:44 | Guard Tower |
| 9:45 | Scout Tower |
| 10:31 | Scout Tower |
| 10:32 | Scout Tower |
| 10:33 | Guard Tower |
| 10:38 | Castle |
| 10:43 | Divine Shield |
| 10:54 | Guard Tower |
| 11:26 | Arcane Vault |
| 12:25 | Guard Tower |
| 12:28 | Farm |
| 13:05 | Boots of Speed |
| 13:05 | Staff of Teleportation |
| 13:11 | Arcane Tower |
| 13:27 | Staff of Sanctuary |
| 13:28 | Orb of Fire |
| 13:32 | Staff of Sanctuary |
| 13:35 | Orb of Fire |
| 14:09 | Priest |
| 14:10 | Priest Adept Training |
| 14:10 | Magic Sentry |
| 14:12 | Priest Master Training |
| 14:31 | Banish |
| 14:56 | Imbued Masonry |
| 15:08 | Boots of Speed |
| 15:41 | Staff of Sanctuary |
| 16:10 | Staff of Teleportation |
| 16:32 | Advanced Lumber Harvesting |
| 18:34 | Helm of Valor |
| 21:08 | Scroll of Regeneration |
| 21:25 | Bash |
| 21:38 | Scroll of Town Portal |
| 22:09 | Pendant of Energy |
| 23:30 | Holy Light |
| 24:22 | Siphon Mana |
| 25:26 | Medallion of Courage |
| 30:45 | Siphon Mana |
| 32:07 | Divine Shield |
| 34:41 | Storm Bolt |
| 36:13 | Holy Light |
| 39:09 | Banish |
| Right click | 1480 |
| Select | 694 |
| Select group | 480 |
| Chat | 480 |
| Build/train/purchase | 133 |
| Use ability | 109 |
| Assign group | 67 |
| Misc. action | 55 |
| Item give/drop | 13 |
| Resource trade | 5 |
| Minimap ping | 4 |
| Remove unit | 1 |
| Esc | 1 |



| Potion of Healing | 1 | 150 |
| Orb of Venom | 1 | 325 |
| Scroll of Town Portal | 1 | 350 |
| Scroll of Regeneration | 1 | 100 |
| total: | 4 | 925g |
| Wisp | 27 | 1620 | / | 0 |
| Huntress | 6 | 1170 | / | 120 |
| Archer | 5 | 650 | / | 50 |
| Hippogryph | 6 | 960 | / | 120 |
| Mountain Giant | 1 | 350 | / | 100 |
| Glaive Thrower | 3 | 630 | / | 195 |
| total: | 48 | 5380g | / | 585w |
| Ancient Protector | 10 | 1350 | / | 800 |
| Altar of Elders | 1 | 180 | / | 50 |
| Moon Well | 8 | 1440 | / | 320 |
| Hunter's Hall | 1 | 210 | / | 100 |
| Ancient of War | 2 | 300 | / | 120 |
| Tree of Life | 2 | 680 | / | 370 |
| Ancient of Wonders | 1 | 90 | / | 30 |
| Ancient of Wind | 3 | 450 | / | 420 |
| Ancient of Lore | 2 | 310 | / | 290 |
| Tree of Ages | 1 | 320 | / | 180 |
| Tree of Eternity | 1 | 330 | / | 200 |
| total: | 30 | 5010g | / | 2500w |
| 0:04 | Wisp |
| 0:04 | Wisp |
| 0:23 | Altar of Elders |
| 0:28 | Wisp |
| 0:31 | Wisp |
| 0:36 | Moon Well |
| 0:54 | Wisp |
| 1:10 | Wisp |
| 1:29 | Hunter's Hall |
| 1:37 | Wisp |
| 1:39 | Wisp |
| 1:54 | Wisp |
| 2:12 | Ancient of War |
| 2:12 | Ancient of War |
| 2:20 | Wisp |
| 2:24 | Moon Well |
| 2:31 | Mana Burn |
| 2:38 | Moon Well |
| 2:56 | Wisp |
| 2:56 | Wisp |
| 3:23 | Huntress |
| 3:32 | Moon Well |
| 3:39 | Strength of the Moon |
| 4:07 | Huntress |
| 4:17 | Huntress |
| 4:51 | Archer |
| 4:59 | Moon Armor |
| 5:58 | Evasion |
| 6:10 | Tree of Life |
| 6:15 | Ancient Protector |
| 6:20 | Ancient Protector |
| 6:33 | Huntress |
| 7:14 | Huntress |
| 7:18 | Tree of Ages |
| 7:41 | Ultravision |
| 8:02 | Evasion |
| 8:24 | Archer |
| 8:29 | Wisp |
| 8:29 | Wisp |
| 8:29 | Wisp |
| 8:29 | Wisp |
| 8:29 | Wisp |
| 8:51 | Archer |
| 9:45 | Mana Burn |
| 10:56 | Ancient of Wind |
| 10:56 | Ancient of Wind |
| 10:59 | Archer |
| 11:02 | Improved Moon Armor |
| 11:08 | Moon Well |
| 11:17 | Ancient of Wind |
| 11:45 | Improved Bows |
| 12:06 | Moon Well |
| 12:13 | Shadow Strike |
| 12:19 | Hippogryph |
| 12:54 | Hippogryph |
| 13:02 | Moon Well |
| 13:04 | Tree of Eternity |
| 13:06 | Improved Strength of the Moon |
| 13:33 | Hippogryph |
| 13:41 | Wisp |
| 13:41 | Wisp |
| 13:41 | Wisp |
| 13:57 | Moon Well |
| 14:12 | Hippogryph |
| 14:22 | Sentinel |
| 14:57 | Ancient of Wonders |
| 15:01 | Hippogryph |
| 15:04 | Archer |
| 15:49 | Marksmanship |
| 15:56 | Advanced Strength of the Moon |
| 16:20 | Well Spring |
| 16:26 | Moon Glaive |
| 18:12 | Immolation |
| 18:20 | Ancient Protector |
| 18:20 | Ancient Protector |
| 18:21 | Ancient Protector |
| 18:31 | Advanced Moon Armor |
| 18:42 | Huntress |
| 18:51 | Ancient of Lore |
| 18:54 | Ancient of Lore |
| 18:56 | Wisp |
| 18:56 | Wisp |
| 18:56 | Wisp |
| 18:57 | Wisp |
| 18:59 | Wisp |
| 19:18 | Wisp |
| 19:18 | Wisp |
| 20:00 | Blink |
| 20:19 | Ancient Protector |
| 20:19 | Ancient Protector |
| 20:33 | Mountain Giant |
| 21:18 | Reinforced Hides |
| 22:20 | Metamorphosis |
| 24:01 | Evasion |
| 24:05 | Hardened Skin |
| 24:07 | Resistant Skin |
| 24:09 | Strength of the Wild |
| 24:13 | Scroll of Regeneration |
| 24:36 | Potion of Healing |
| 24:37 | Orb of Venom |
| 24:42 | Scroll of Town Portal |
| 26:11 | Improved Strength of the Wild |
| 26:41 | Trueshot Aura |
| 27:25 | Druid of the Talon Adept Training |
| 27:47 | Nature's Blessing |
| 28:11 | Ancient Protector |
| 28:19 | Ancient Protector |
| 28:25 | Ancient Protector |
| 30:44 | Searing Arrows |
| 30:45 | Scout |
| 30:49 | Fan of Knives |
| 30:49 | Shadow Strike |
| 30:53 | Immolation |
| 31:16 | Glaive Thrower |
| 32:52 | Searing Arrows |
| 33:21 | Fan of Knives |
| 33:55 | Glaive Thrower |
| 34:07 | Trueshot Aura |
| 34:39 | Glaive Thrower |
| 35:32 | Vorpal Blades |
| 35:49 | Tree of Life |
| 38:05 | Hippogryph |
| 38:13 | Mana Burn |
| Right click | 521 |
| Select | 438 |
| Build/train/purchase | 128 |
| Misc. action | 46 |
| Use ability | 29 |
| Item give/drop | 1 |
| Minimap ping | 1 |



| Orb of Fire | 1 | 325 |
| total: | 1 | 325g |
| Peasant | 12 | 900 | / | 0 |
| Footman | 19 | 2565 | / | 0 |
| Rifleman | 7 | 1435 | / | 210 |
| Priest | 7 | 945 | / | 70 |
| Knight | 11 | 2695 | / | 660 |
| Spell Breaker | 12 | 2580 | / | 360 |
| Gryphon Rider | 4 | 1120 | / | 280 |
| Goblin Shredder | 1 | 375 | / | 100 |
| total: | 73 | 12615g | / | 1680w |
| Scout Tower | 28 | 840 | / | 560 |
| Arcane Tower | 3 | 210 | / | 150 |
| Guard Tower | 12 | 840 | / | 600 |
| Altar of Kings | 1 | 180 | / | 50 |
| Farm | 11 | 880 | / | 220 |
| Barracks | 1 | 160 | / | 60 |
| Blacksmith | 1 | 140 | / | 60 |
| Lumber Mill | 1 | 120 | / | 0 |
| Town Hall | 2 | 770 | / | 410 |
| Arcane Vault | 1 | 130 | / | 30 |
| Arcane Sanctum | 1 | 150 | / | 140 |
| Gryphon Aviary | 1 | 140 | / | 150 |
| Workshop | 1 | 140 | / | 140 |
| Keep | 1 | 320 | / | 210 |
| Castle | 1 | 360 | / | 210 |
| total: | 49 | 3650g | / | 1820w |
| 0:10 | Altar of Kings |
| 0:23 | Peasant |
| 0:23 | Peasant |
| 0:23 | Peasant |
| 0:23 | Peasant |
| 0:29 | Farm |
| 1:09 | Farm |
| 1:14 | Barracks |
| 1:49 | Farm |
| 2:03 | Scout Tower |
| 2:14 | Footman |
| 2:15 | Footman |
| 2:19 | Summon Water Elemental |
| 2:44 | Arcane Tower |
| 2:49 | Peasant |
| 2:49 | Peasant |
| 2:49 | Peasant |
| 2:57 | Farm |
| 3:12 | Footman |
| 3:43 | Footman |
| 3:43 | Footman |
| 3:49 | Blacksmith |
| 3:59 | Lumber Mill |
| 4:48 | Keep |
| 4:57 | Blizzard |
| 5:35 | Footman |
| 5:35 | Footman |
| 5:35 | Rifleman |
| 5:35 | Rifleman |
| 5:44 | Farm |
| 6:23 | Rifleman |
| 6:23 | Rifleman |
| 6:41 | Farm |
| 7:30 | Summon Water Elemental |
| 7:38 | Footman |
| 7:38 | Footman |
| 7:39 | Footman |
| 7:39 | Footman |
| 8:30 | Town Hall |
| 8:50 | Pocket Factory |
| 8:56 | Improved Lumber Harvesting |
| 9:00 | Arcane Sanctum |
| 11:11 | Priest |
| 11:11 | Priest |
| 11:11 | Priest |
| 11:12 | Priest |
| 11:15 | Castle |
| 11:21 | Arcane Vault |
| 11:29 | Brilliance Aura |
| 11:32 | Cluster Rockets |
| 12:24 | Footman |
| 12:24 | Footman |
| 12:24 | Footman |
| 12:26 | Iron Forged Swords |
| 12:26 | Iron Plating |
| 12:27 | Studded Leather Armor |
| 12:32 | Gryphon Aviary |
| 12:39 | Peasant |
| 12:39 | Peasant |
| 12:39 | Peasant |
| 12:39 | Peasant |
| 12:41 | Peasant |
| 13:56 | Farm |
| 13:57 | Farm |
| 13:58 | Farm |
| 13:59 | Farm |
| 14:00 | Farm |
| 15:07 | Pocket Factory |
| 15:20 | Steel Forged Swords |
| 15:20 | Steel Plating |
| 15:23 | Footman |
| 15:23 | Footman |
| 15:23 | Footman |
| 15:24 | Footman |
| 15:27 | Knight |
| 15:29 | Knight |
| 15:30 | Animal War Training |
| 15:33 | Advanced Lumber Harvesting |
| 15:39 | Scout Tower |
| 15:40 | Scout Tower |
| 15:41 | Scout Tower |
| 15:42 | Scout Tower |
| 16:18 | Spell Breaker |
| 16:18 | Spell Breaker |
| 16:49 | Spell Breaker |
| 17:10 | Control Magic |
| 17:42 | Scout Tower |
| 17:43 | Scout Tower |
| 17:45 | Scout Tower |
| 17:46 | Scout Tower |
| 17:49 | Guard Tower |
| 17:52 | Guard Tower |
| 18:59 | Summon Lava Spawn |
| 19:16 | Goblin Shredder |
| 19:36 | Knight |
| 20:09 | Guard Tower |
| 20:11 | Guard Tower |
| 21:57 | Summon Water Elemental |
| 22:13 | Guard Tower |
| 22:15 | Guard Tower |
| 22:17 | Guard Tower |
| 22:19 | Guard Tower |
| 22:24 | Scout Tower |
| 22:26 | Scout Tower |
| 22:28 | Scout Tower |
| 22:29 | Scout Tower |
| 22:31 | Scout Tower |
| 22:32 | Scout Tower |
| 22:33 | Scout Tower |
| 22:34 | Scout Tower |
| 22:35 | Scout Tower |
| 22:39 | Spell Breaker |
| 22:39 | Spell Breaker |
| 22:39 | Spell Breaker |
| 22:39 | Spell Breaker |
| 22:40 | Priest |
| 22:40 | Priest |
| 22:40 | Priest |
| 22:42 | Knight |
| 22:43 | Knight |
| 22:43 | Knight |
| 22:43 | Knight |
| 23:09 | Mithril Forged Swords |
| 23:10 | Mithril Plating |
| 23:28 | Arcane Tower |
| 23:30 | Arcane Tower |
| 24:19 | Sundering Blades |
| 24:20 | Long Rifles |
| 24:20 | Defend |
| 24:23 | Black Gunpowder |
| 24:24 | Reinforced Leather Armor |
| 24:29 | Guard Tower |
| 24:36 | Workshop |
| 24:52 | Orb of Fire |
| 25:16 | Spell Breaker |
| 27:02 | Engineering Upgrade |
| 27:08 | Rifleman |
| 27:08 | Rifleman |
| 27:09 | Rifleman |
| 27:15 | Guard Tower |
| 27:25 | Guard Tower |
| 27:33 | Guard Tower |
| 31:41 | Town Hall |
| 32:07 | Scout Tower |
| 32:08 | Scout Tower |
| 32:09 | Scout Tower |
| 32:10 | Scout Tower |
| 32:18 | Scout Tower |
| 32:19 | Scout Tower |
| 32:20 | Scout Tower |
| 32:21 | Scout Tower |
| 32:21 | Scout Tower |
| 32:22 | Scout Tower |
| 33:58 | Incinerate |
| 34:16 | Pocket Factory |
| 34:33 | Footman |
| 34:34 | Knight |
| 34:35 | Knight |
| 34:41 | Gryphon Rider |
| 34:41 | Gryphon Rider |
| 36:05 | Summon Lava Spawn |
| 36:39 | Spell Breaker |
| 36:39 | Spell Breaker |
| 36:39 | Spell Breaker |
| 36:39 | Spell Breaker |
| 36:46 | Knight |
| 36:49 | Robo-Goblin |
| 37:42 | Incinerate |
| 37:48 | Mass Teleport |
| 37:53 | Knight |
| 38:33 | Gryphon Rider |
| 38:33 | Gryphon Rider |
| Select | 438 |
| Right click | 269 |
| Build/train/purchase | 158 |
| Use ability | 39 |
| Misc. action | 9 |
| Remove unit | 2 |



x1)
x1)
| Scroll of Regeneration | 5 | 500 |
| Mechanical Critter | 2 | 100 |
| Staff of Sanctuary | 3 | 750 |
| Orb of Fire | 1 | 325 |
| Boots of Speed | 3 | 750 |
| Staff of Teleportation | 3 | 450 |
| Tome of Retraining | 2 | 600 |
| Orb of Venom | 2 | 650 |
| Ring of Protection +4 | 2 | 600 |
| Medallion of Courage | 2 | 1000 |
| Legion Doom-Horn | 1 | 500 |
| Ancient Janggo of Endurance | 1 | 500 |
| total: | 27 | 6725g |
| Peasant | 23 | 1725 | / | 0 |
| Priest | 2 | 270 | / | 20 |
| Goblin Zeppelin | 3 | 720 | / | 180 |
| total: | 28 | 2715g | / | 200w |
| Scout Tower | 66 | 1980 | / | 1320 |
| Arcane Tower | 5 | 350 | / | 250 |
| Guard Tower | 33 | 2310 | / | 1650 |
| Altar of Kings | 1 | 180 | / | 50 |
| Lumber Mill | 1 | 120 | / | 0 |
| Farm | 7 | 560 | / | 140 |
| Arcane Vault | 3 | 390 | / | 90 |
| Town Hall | 1 | 385 | / | 205 |
| Arcane Sanctum | 1 | 150 | / | 140 |
| Keep | 1 | 320 | / | 210 |
| Castle | 1 | 360 | / | 210 |
| total: | 80 | 3765g | / | 1945w |
| 0:01 | Peasant |
| 0:04 | Altar of Kings |
| 0:15 | Peasant |
| 0:18 | Lumber Mill |
| 0:27 | Peasant |
| 0:33 | Farm |
| 0:34 | Peasant |
| 0:44 | Peasant |
| 0:57 | Farm |
| 0:58 | Peasant |
| 1:13 | Peasant |
| 1:19 | Scout Tower |
| 1:22 | Peasant |
| 1:34 | Scout Tower |
| 1:37 | Peasant |
| 1:42 | Arcane Vault |
| 1:49 | Arcane Tower |
| 1:51 | Scout Tower |
| 1:55 | Peasant |
| 2:07 | Summon Water Elemental |
| 2:18 | Arcane Tower |
| 2:20 | Scout Tower |
| 2:21 | Peasant |
| 2:38 | Peasant |
| 2:50 | Scout Tower |
| 2:50 | Guard Tower |
| 3:06 | Peasant |
| 3:06 | Peasant |
| 3:10 | Guard Tower |
| 3:31 | Guard Tower |
| 3:32 | Scout Tower |
| 3:35 | Improved Masonry |
| 4:15 | Guard Tower |
| 4:23 | Brilliance Aura |
| 4:45 | Town Hall |
| 4:50 | Scout Tower |
| 4:51 | Scout Tower |
| 4:51 | Scout Tower |
| 4:52 | Scout Tower |
| 4:53 | Scout Tower |
| 4:53 | Scout Tower |
| 5:05 | Farm |
| 5:11 | Scout Tower |
| 5:12 | Scout Tower |
| 5:30 | Arcane Tower |
| 5:30 | Guard Tower |
| 5:45 | Guard Tower |
| 5:50 | Guard Tower |
| 5:51 | Guard Tower |
| 5:56 | Scout Tower |
| 5:58 | Scout Tower |
| 6:00 | Peasant |
| 6:00 | Peasant |
| 6:07 | Scout Tower |
| 6:07 | Guard Tower |
| 6:19 | Boots of Speed |
| 6:20 | Staff of Teleportation |
| 7:21 | Keep |
| 7:22 | Guard Tower |
| 7:25 | Scout Tower |
| 7:26 | Scout Tower |
| 7:28 | Arcane Tower |
| 7:28 | Guard Tower |
| 7:31 | Scout Tower |
| 7:32 | Scout Tower |
| 7:37 | Scroll of Regeneration |
| 7:38 | Mechanical Critter |
| 7:38 | Mechanical Critter |
| 7:54 | Guard Tower |
| 7:54 | Peasant |
| 7:55 | Peasant |
| 8:32 | Summon Water Elemental |
| 8:35 | Farm |
| 8:41 | Guard Tower |
| 8:47 | Scout Tower |
| 8:48 | Scout Tower |
| 8:49 | Scout Tower |
| 8:50 | Guard Tower |
| 8:52 | Arcane Vault |
| 8:53 | Peasant |
| 8:53 | Peasant |
| 8:55 | Peasant |
| 9:05 | Scout Tower |
| 9:28 | Guard Tower |
| 9:31 | Scout Tower |
| 9:31 | Scout Tower |
| 9:48 | Guard Tower |
| 10:23 | Improved Lumber Harvesting |
| 10:23 | Advanced Masonry |
| 10:46 | Storm Bolt |
| 10:49 | Castle |
| 10:51 | Guard Tower |
| 11:27 | Arcane Sanctum |
| 12:34 | Brilliance Aura |
| 12:41 | Bash |
| 12:46 | Magic Sentry |
| 12:47 | Priest Adept Training |
| 12:47 | Priest |
| 12:49 | Arcane Vault |
| 12:59 | Goblin Zeppelin |
| 13:10 | Imbued Masonry |
| 13:10 | Advanced Lumber Harvesting |
| 13:12 | Guard Tower |
| 13:14 | Scout Tower |
| 13:15 | Scout Tower |
| 13:15 | Scout Tower |
| 13:22 | Scout Tower |
| 13:23 | Scout Tower |
| 13:23 | Scout Tower |
| 13:23 | Scout Tower |
| 13:25 | Scout Tower |
| 13:25 | Scout Tower |
| 13:26 | Scout Tower |
| 13:26 | Scout Tower |
| 13:27 | Scout Tower |
| 13:46 | Boots of Speed |
| 13:47 | Staff of Teleportation |
| 14:29 | Arcane Tower |
| 14:30 | Guard Tower |
| 14:32 | Guard Tower |
| 14:40 | Priest Master Training |
| 14:46 | Scroll of Regeneration |
| 14:49 | Staff of Sanctuary |
| 14:52 | Orb of Fire |
| 15:17 | Holy Light |
| 15:31 | Guard Tower |
| 15:36 | Priest |
| 15:39 | Scout Tower |
| 15:40 | Scout Tower |
| 15:40 | Scout Tower |
| 15:41 | Scout Tower |
| 16:30 | Guard Tower |
| 17:26 | Ring of Protection +4 |
| 18:03 | Farm |
| 18:07 | Guard Tower |
| 18:08 | Scout Tower |
| 18:09 | Scout Tower |
| 18:09 | Scout Tower |
| 18:09 | Scout Tower |
| 18:10 | Scout Tower |
| 18:10 | Scout Tower |
| 18:37 | Guard Tower |
| 18:39 | Scout Tower |
| 18:40 | Scout Tower |
| 18:40 | Scout Tower |
| 18:41 | Scout Tower |
| 18:42 | Scout Tower |
| 18:42 | Scout Tower |
| 18:43 | Scout Tower |
| 18:49 | Boots of Speed |
| 18:50 | Staff of Teleportation |
| 19:06 | Ring of Protection +4 |
| 19:11 | Orb of Venom |
| 19:15 | Guard Tower |
| 19:17 | Staff of Sanctuary |
| 19:27 | Guard Tower |
| 20:08 | Staff of Sanctuary |
| 20:15 | Guard Tower |
| 20:37 | Storm Bolt |
| 21:00 | Devotion Aura |
| 21:08 | Guard Tower |
| 21:09 | Peasant |
| 21:15 | Scroll of Regeneration |
| 21:24 | Peasant |
| 21:32 | Guard Tower |
| 21:46 | Goblin Zeppelin |
| 21:53 | Tome of Retraining |
| 21:53 | Retrain Hero |
| 21:56 | Blizzard |
| 21:57 | Brilliance Aura |
| 22:57 | Farm |
| 23:40 | Medallion of Courage |
| 23:55 | Scout Tower |
| 23:55 | Scout Tower |
| 23:56 | Scout Tower |
| 24:58 | Scout Tower |
| 24:58 | Scout Tower |
| 24:59 | Scout Tower |
| 24:59 | Scout Tower |
| 24:59 | Scout Tower |
| 25:00 | Scout Tower |
| 25:00 | Scout Tower |
| 25:41 | Farm |
| 25:49 | Guard Tower |
| 26:39 | Blizzard |
| 27:29 | Goblin Zeppelin |
| 27:47 | Guard Tower |
| 28:03 | Scroll of Regeneration |
| 28:09 | Guard Tower |
| 28:38 | Orb of Venom |
| 28:44 | Legion Doom-Horn |
| 28:58 | Medallion of Courage |
| 30:26 | Bash |
| 30:28 | Holy Light |
| 32:01 | Tome of Retraining |
| 32:01 | Retrain Hero |
| 32:03 | Holy Light |
| 32:03 | Divine Shield |
| 32:49 | Ancient Janggo of Endurance |
| 34:16 | Scroll of Regeneration |
| 37:57 | Divine Shield |
| 38:04 | Mass Teleport |
| 38:30 | Storm Bolt |
| Right click | 2121 |
| Select group | 1202 |
| Select | 570 |
| Assign group | 350 |
| Build/train/purchase | 188 |
| Use ability | 168 |
| Chat | 101 |
| Misc. action | 41 |
| Item give/drop | 18 |
| Resource trade | 4 |
| Minimap ping | 3 |
| Remove unit | 1 |